 Dungeon Crawl Stone Soup version 0.28.0-53-g5a82cb258f (console) character file.

Game seed: 10687835199477674819

95354 Banquo the Warrior (level 16, -9/130 HPs)
             Began as a Djinni Fighter on May 19, 2022.
             Was the Champion of Wu Jian.
             Mangled by a vampire knight
             ... wielding a +0 dire flail
              (32 damage)
             ... on level 14 of the Dungeon on May 20, 2022.
             The game lasted 02:41:41 (26905 turns).

Banquo the Warrior (Djinni Fighter)                Turns: 26905, Time: 02:41:43

Health: -9/130     AC: 18    Str: 15    XL:     16   Next: 63%
Gold:   1268       EV: 13    Int: 19    God:    Wu Jian [******] SH:  6 Dex: 15

rFire   + + +      SeeInvis .   b - +8 Vampire's Tooth {vamp}
rCold   . . .      Faith    .   i - +1 buckler
rNeg    . . .      Spirit   .   d - +0 ring mail "Jyedoic" {rElec rC+ Regen+ Slay+2}
rPois   ∞          Reflect  .   h - +0 helmet {Int+3}
rElec   +          Harm     .   e - +0 cloak of the Arcane {rPois rF+}
rCorr   .          Rampage  .   g - +0 pair of gloves
Will    +....                   (boots unavailable)
Stlth   +.........              O - amulet of regeneration
HPRegen 1.91/turn               A - ring of the Tortoise {AC+8}
MPRegen 0.00/turn               j - ring of wizardry

@: flying, studying Spellcasting
A: sickness immunity, fire resistance 2, cold vulnerability 1, float, innate
caster, HP casting, extra vitality 1
a: Renounce Religion, Wall Jump, Serpent's Lash, Heavenly Storm


You were on level 14 of the Dungeon.
You worshipped Wu Jian.
Wu Jian was exalted by your worship.
You visited 3 branches of the dungeon, and saw 22 of its levels.
You visited 1 bazaar.
You also visited: Gauntlet, Ice Cave and Volcano.

You collected 2709 gold pieces.
You spent 1441 gold pieces at shops.

Inventory:

Hand Weapons
 a - the +11 whip of Analysis {speed, Will+ Stlth+}
   (You found it on level 4 of the Dungeon)

   Attacks with this weapon are significantly faster.
   Will:      It increases your willpower.
   Stlth:     It makes you more stealthy.
 b - the +8 Vampire's Tooth (weapon) {vamp}
   (You acquired it on level 2 of the Orcish Mines)

   It occasionally heals its wielder for the full amount of damage dealt when it
   wounds a living foe.
 c - a +5 vorpal spear
 t - a +4 scimitar of flaming
Missiles
 m - 2 throwing nets (quivered)
 P - 17 boomerangs
Armour
 d - the +0 ring mail "Jyedoic" (worn) {rElec rC+ Regen+ Slay+2}
   (You bought it in a shop in a bazaar)

   Slay:      It affects your accuracy & damage with ranged weapons and melee
   (+2).
   rC:        It protects you from cold.
   rElec:     It insulates you from electricity.
   Regen:     It increases your rate of health regeneration.
 e - the +0 cloak of the Arcane (worn) {rPois rF+}
   (You found it on level 8 of the Dungeon)

   rF:        It protects you from fire.
   rPois:     It protects you from poison.
 g - a +0 pair of gloves (worn)
 h - a +0 helmet of intelligence (worn)
 i - a +1 buckler (worn)
Magical Staves
 H - a staff of cold
Jewellery
 j - a ring of wizardry (right hand)
 s - a +4 ring of evasion
 A - the ring of the Tortoise (left hand) {AC+8}
   (You found it in a Gauntlet)

   [ring of protection]

   AC:        It affects your AC (+8).
 C - a ring of protection from cold
 O - an amulet of regeneration (around neck)
 R - a ring of resist corrosion
 V - a ring of willpower
Wands
 B - a wand of iceblast (3)
 E - a wand of flame (50)
Scrolls
 k - 2 scrolls of fear
 n - a scroll of acquirement
 o - 4 scrolls of holy word
 q - a scroll of silence
 v - 8 scrolls of blinking
 w - 4 scrolls of teleportation
 z - 2 scrolls of fog
Potions
 f - 5 potions of heal wounds
 l - 4 potions of brilliance
 p - 2 potions of cancellation
 r - 7 potions of curing
 x - 4 potions of haste
 G - 3 potions of resistance
 K - 2 potions of berserk rage
 L - 3 potions of might
 M - 8 potions of ambrosia
 N - 4 potions of invisibility
 T - 2 potions of mutation {unknown}
Miscellaneous
 S - a phial of floods


   Skills:
 + Level 17.5 Fighting
 * Level 7.6 Short Blades
 - Level 12.0 Maces & Flails
 - Level 8.0 Armour
 * Level 6.9 Dodging
 * Level 4.3 Shields
 * Level 11.5 Spellcasting


You had 13 spell levels left.
You knew the following spells:

 Your Spells              Type           Power      Damage    Failure   Level
a - Pain                  Necr           100%       1d9       1%          1
b - Wereblood             Tmut           53%        N/A       1%          2
f - Frozen Ramparts       Ice            100%       1d12      1%          3
g - Death Channel         Necr           26%        N/A       8%          6
i - Alistair's Intoxicat  Tmut/Pois      35%        N/A       1%          5
m - Iskenderun's Mystic   Conj/Tloc      53%        2d11      1%          4
p - Fulminant Prism       Conj/Hex       26%        3d14      1%          4
Your spell library was empty.

Dungeon Overview and Level Annotations

Branches:
Dungeon (14/15)            Temple (0/1) D:5            Lair (6/6) D:11
 Shoals (0/4) Lair:4        Snake (0/4) Lair:3        Slime (0/5) Lair:5
    Orc (2/2) D:9             Elf (0/3) Orc:2        Vaults (0/5) D:13
  IceCv (visited)         Volcano (visited)         Gauntlet (visited)

Altars:
Qazlal
Trog
Uskayaw
Wu Jian
Zin

Shops:
D:14 :   Orc:2 ?((:[

Annotations:
D:13 2 transporters, Diptarph's ghost, journeyman VSBe
Lair:4 2 transporters


Innate Abilities, Weirdness & Mutations

You are immune to sickness and miasma.
You are immune to poison.
Your flesh is very heat resistant. (rF++)
You are vulnerable to cold. (rC-)
You float through the air rather than walking.
You learn spells naturally, not from books.
Your magical power is your life essence.
You have superior vitality. (+4 MHP)


Message History

You barely miss something. You block something's attack.
Something bites you but does no damage.
You hit something. You hit something but do no damage. Something hits you!!
Something bites you but does no damage.
You hit something but do no damage. You hit something but do no damage.
Something hits you!!
* * * LOW HITPOINT WARNING * * *
Something barely misses you.
Unknown command.
Casting: Fulminant Prism (mildly dangerous; 1% risk of failure)
Confirm with . or Enter, or press ? or * to list all spells.
Aiming: Fulminant Prism (mildly dangerous; 1% risk of failure)
Press: ? - help, Dir - move target You conjure a prism of explosive energy!
* * * LOW HITPOINT WARNING * * *
A fulminant prism comes into view.
Something hits you but does no damage. Something bites you.
* * * LOW HITPOINT WARNING * * *
Something hits you!!
* * * LOW HITPOINT WARNING * * *
Something bites you but does no damage.
Your fulminant prism crackles loudly.
Unknown command.
You feel much better.
You hear some strange, mumbled words.
Something tries to affect you, but you resist.
Your fulminant prism explodes!
The blast of energy engulfs something!
Casting: Fulminant Prism (mildly dangerous; 1% risk of failure)
Confirm with . or Enter, or press ? or * to list all spells.
You can't see any susceptible monsters within range! (Use Z to cast anyway.) Unknown command.
Casting: Fulminant Prism (mildly dangerous; 1% risk of failure)
Confirm with . or Enter, or press ? or * to list all spells.
You erupt in a blast of force!
The mystic blast hits something but does no damage.
* * * LOW HITPOINT WARNING * * *
Something hits you!!
You die...

≈..##### ≈≈≈≈≈...#
..'#...## ≈≈....#
###..≈..## .....#
.#..≈≈≈..# #...#
.#.≈≈.≈≈.# #..#
.#..≈≈≈..##### ##)#
.##..≈..'#.).## ##..#
..##...##..≈..###..≈#
...#####..≈≈≈..#@.≈≈#
.......#.≈≈.≈≈.'.≈≈8#
.......#..≈≈≈..#..≈≈#
.......##..≈..###..≈#
.......###...## ##..#
##.....# ##### ####
#.....# #.....#
#....^#


There were no monsters in sight!

Vanquished Creatures
  A frost giant (IceCv)
  An orc warlord (Orc:1)
  A minotaur (Gauntlet)
  3 hydras
  Erolcha (D:10)
  4 vault guards (D:13)
  2 boulder beetles (D:12)
  3 centaur warriors
  4 catoblepae
  2 death knights
  3 two-headed ogres
  27 death yaks
  A sun demon (Volcano)
  4 orc high priests (Orc:2)
  A hell knight (Volcano)
  4 skeletal warriors
  2 fire crabs (Gauntlet)
  5 orc knights
  A lindwurm (shapeshifter) (D:14)
  A harpy (shapeshifter) (D:14)
  A deep elf pyromancer (D:13)
  2 phantasmal warriors (D:13)
  3 cyclopes
  An oklob plant (Gauntlet)
  6 orc sorcerers
  3 ugly things
  3 manticores
  An elephant (D:11)
  6 black mambas
  An ice statue (IceCv)
  Joseph (D:7)
  11 cane toads
  A torpor snail (Lair:6)
  A gargoyle (D:13)
  9 rime drakes
  8 komodo dragons
  4 kobold demonologists
  2 efreet (D:14)
  2 red devils (Volcano)
  6 trolls
  3 meliai (D:12)
  8 polar bears
  A queen bee (D:12)
  2 hornets
  14 blink frogs
  6 dream sheep (Lair:6)
  2 slime creatures (D:12)
  A snapping turtle (Lair:4)
  4 shadows
  A water elemental (D:14)
  39 yaks
  4 wyverns
  Eustachio (D:5)
  6 basilisks
  3 wraiths
  9 fire bats (Gauntlet)
  2 steam dragons
  2 vampire mosquitoes (D:14)
  Menkaure (D:6)
  3 wargs
  3 nagas (Lair:3)
  3 acid dragons
  17 water moccasins
  Duvessa (D:5)
  A hell hound (Gauntlet)
  21 orc warriors
  3 black bears
  6 ogres
  2 sky beasts
  A necrophage (D:5)
  36 wolves
  12 centaurs
  4 kobold brigands
  8 bullfrogs
  Blork the orc (D:4)
  A gnoll sergeant (D:9)
  A scorpion (D:2)
  A water moccasin zombie (D:7)
  Dowan (D:5)
  17 killer bees
  10 wights (D:8)
  7 electric eels
  8 howler monkeys
  4 centaur zombies
  6 hounds
  6 jellies
  A gnoll shaman (D:7)
  23 orc priests
  4 bullfrog skeletons
  2 centaur skeletons
  2 iguanas (D:5)
  Ijyb (D:5)
  19 orc wizards
  A killer bee zombie (D:5)
  A hound skeleton (D:4)
  15 adders
  9 gnolls
  A howler monkey skeleton (D:7)
  2 white imps
  A worm (D:4)
  A dart slug (D:4)
  78 orcs
  6 ball pythons
  7 endoplasms
  3 giant cockroaches
  6 goblins
  9 hobgoblins
  22 kobolds
  2 quokkas
  4 bats
  2 frilled lizards
  4 rats
  A butterfly (Lair:3)
663 creatures vanquished.

Vanquished Creatures (others)
  An orc (Orc:1)
  A demonic plant (Gauntlet)
  12 fulminant prisms
  21 fungi
  45 plants
80 creatures vanquished.

Grand Total: 743 creatures vanquished

Notes
Turn   | Place    | Note
-------+----------+-------------------------------------------
     0 | D:1      | Banquo the Djinni Fighter began the quest for the Orb.
     0 | D:1      | Reached XP level 1. HP: 20/20 MP: 0/0
   283 | D:1      | Reached XP level 2. HP: 18/25 MP: 0/0
   804 | D:1      | Reached XP level 3. HP: 30/30 MP: 0/0
   804 | D:1      | Learned a level 1 spell: Pain
   822 | D:2      | Noticed a scorpion
   832 | D:2      | Killed a scorpion
   833 | D:2      | Reached skill level 1 in Dodging
   833 | D:2      | Reached XP level 4. HP: 24/35 MP: 0/0
   929 | D:2      | Noticed a black bear
   929 | D:2      | Found an ornate altar of the Wu Jian Council.
  1119 | D:2      | Reached XP level 5. HP: 30/40 MP: 0/0
  1119 | D:2      | Learned a level 2 spell: Wereblood
  1358 | D:2      | Became a worshipper of the Wu Jian Council
  1375 | D:2      | Killed a black bear
  1376 | D:2      | Reached XP level 6. HP: 7/47 MP: 0/0
  1646 | D:2      | Reached skill level 1 in Spellcasting
  2746 | D:3      | Found a faded altar of an unknown god.
  3472 | D:4      | Found the +9 heavy crossbow "Sniper" {vorpal, Acc+∞ SInv}
  3700 | D:4      | Noticed Blork the orc
  3812 | D:4      | Reached XP level 7. HP: 48/51 MP: 0/0
  3812 | D:4      | Learned a level 3 spell: Frozen Ramparts
  3853 | D:4      | Identified the +11 whip of Analysis {speed, Will+ Stlth+}
  3917 | D:5      | Entered Level 5 of the Dungeon
  3946 | D:4      | Killed Blork the orc
  4351 | D:4      | Reached * piety under Wu Jian
  4352 | D:4      | Reached skill level 4 in Fighting
  4734 | D:5      | Noticed Duvessa
  4734 | D:5      | Noticed Dowan
  4782 | D:5      | Reached skill level 1 in Maces & Flails
  5062 | D:5      | Reached XP level 8. HP: 58/58 MP: 0/0
  5079 | D:5      | Found a staircase to the Ecumenical Temple.
  5129 | D:5      | Reached skill level 5 in Armour
  5206 | D:5      | Noticed Eustachio
  5232 | D:5      | Killed Eustachio
  5492 | D:5      | Killed Duvessa
  5495 | D:5      | Killed Dowan
  5718 | D:5      | Noticed Ijyb
  5734 | D:5      | Reached XP level 9. HP: 54/64 MP: 0/0
  5734 | D:5      | Learned a level 4 spell: Iskenderun's Mystic Blast
  5742 | D:5      | Killed Ijyb
  5784 | D:5      | Reached ** piety under Wu Jian
  6232 | D:5      | Reached skill level 5 in Maces & Flails
  6745 | D:6      | Found a glowing silver altar of Zin.
  6812 | D:6      | Found a hide-covered altar of Uskayaw.
  7093 | D:6      | Noticed Menkaure
  7100 | D:6      | Killed Menkaure
  7101 | D:6      | Reached skill level 5 in Fighting
  8026 | D:7      | Reached XP level 10. HP: 70/70 MP: 0/0
  8212 | D:7      | Noticed Joseph
  8237 | D:7      | Killed Joseph
  8747 | D:8      | Reached *** piety under Wu Jian
  9728 | D:8      | Identified the +0 cloak of the Arcane {rPois rF+}
 10073 | D:9      | Found a staircase to the Orcish Mines.
 10187 | D:9      | Noticed a kobold demonologist
 10187 | D:9      | Noticed a kobold demonologist
 10187 | D:9      | Noticed a kobold demonologist
 10218 | D:9      | Killed a kobold demonologist
 10219 | D:9      | Reached skill level 6 in Fighting
 10220 | D:9      | Killed a kobold demonologist
 10224 | D:9      | Reached XP level 11. HP: 68/76 MP: 0/0
 10224 | D:9      | Learned a level 4 spell: Fulminant Prism
 10405 | D:9      | Reached **** piety under Wu Jian
 11156 | D:10     | Entered Level 10 of the Dungeon
 11262 | D:10     | Noticed Erolcha
 11274 | D:10     | Killed Erolcha
 11288 | D:10     | Reached skill level 5 in Spellcasting
 11316 | D:10     | Found a stormy altar of Qazlal.
 11317 | D:10     | Found a hide-covered altar of Uskayaw.
 11909 | D:11     | Noticed a cyclops
 12031 | D:11     | Reached skill level 7 in Fighting
 12038 | D:11     | Killed a cyclops
 12070 | D:11     | Noticed a two-headed ogre
 12080 | D:11     | Killed a two-headed ogre
 12280 | D:11     | Found a staircase to the Lair.
 12304 | D:11     | Noticed an elephant
 12318 | D:11     | Killed an elephant
 12640 | D:11     | Reached skill level 10 in Maces & Flails
 12640 | D:11     | Reached XP level 12. HP: 70/85 MP: 0/0
 12715 | Lair:1   | Entered Level 1 of the Lair of Beasts
 13023 | Lair:1   | Reached skill level 8 in Fighting
 13147 | Lair:1   | Reached ***** piety under Wu Jian
 14693 | Lair:3   | Noticed an eight-headed hydra
 14706 | Lair:3   | Reached skill level 9 in Fighting
 14712 | Lair:3   | Killed an eight-headed hydra
 14911 | Lair:3   | Reached XP level 13. HP: 90/94 MP: 0/0
 14911 | Lair:3   | Learned a level 5 spell: Alistair's Intoxication
 14943 | Lair:3   | Found a staircase to the Snake Pit.
 15220 | Lair:3   | Noticed a five-headed hydra
 15234 | Lair:3   | Killed a five-headed hydra
 15235 | Lair:3   | Reached skill level 10 in Fighting
 16326 | Lair:4   | Reached skill level 11 in Fighting
 16424 | Lair:4   | Found a staircase to the Shoals.
 16492 | Lair:4   | Found a transporter.
 16504 | Lair:4   | Found a transporter.
 16504 | Lair:4   | Noticed a boulder beetle
 16504 | Lair:4   | Noticed a boulder beetle
 16680 | Lair:5   | Identified a scroll of acquirement
 16680 | Lair:5   | Acquired a manual of Spellcasting
 17499 | Lair:5   | Found a staircase to the Slime Pits.
 17713 | Lair:5   | Reached skill level 12 in Fighting
 17790 | Lair:6   | Entered Level 6 of the Lair of Beasts
 17843 | Lair:6   | Reached XP level 14. HP: 107/107 MP: 0/0
 18149 | Lair:6   | Reached skill level 13 in Fighting
 19021 | Lair:6   | Reached ****** piety under Wu Jian
 19022 | Lair:6   | Reached skill level 14 in Fighting
 19611 | Lair:6   | Identified the +10 falchion of Valiance {vorpal, Int+2}
 19878 | D:12     | Reached skill level 15 in Fighting
 19914 | D:12     | Found a bloodstained altar of Trog.
 20078 | D:12     | Reached XP level 15. HP: 107/120 MP: 0/0
 20078 | D:12     | Learned a level 6 spell: Death Channel
 20135 | D:12     | Reached skill level 10 in Spellcasting
 21144 | Orc:1    | Entered Level 1 of the Orcish Mines
 21455 | Orc:1    | Noticed an orc warlord
 21892 | Orc:1    | Killed an orc warlord
 21893 | Orc:1    | Reached skill level 16 in Fighting
 22163 | Orc:2    | Entered Level 2 of the Orcish Mines
 22180 | Orc:2    | Found a dark tunnel.
 22196 | Orc:2    | Found Hozio's Magic Scroll Shop.
 22239 | Volcano  | Entered a volcano
 22569 | Orc:2    | Found a staircase to the Elven Halls.
 23757 | Orc:2    | Found Yfroziv's Weapon Shoppe.
 24105 | Orc:2    | Reached skill level 17 in Fighting
 24109 | Orc:2    | Found Bomiusty's Armour Shop.
 24115 | Orc:2    | Found Roid's Book Shop.
 24117 | Orc:2    | Found Nodu's Weapon Shoppe.
 24175 | Orc:2    | Bought 3 scrolls of identify for 90 gold pieces
 24175 | Orc:2    | Bought a scroll of identify for 30 gold pieces
 24175 | Orc:2    | Bought a scroll of identify for 30 gold pieces
 24183 | Orc:2    | Bought a scroll of acquirement for 780 gold pieces
 24508 | D:13     | Found a flickering gateway to a bazaar.
 24534 | Bazaar   | Entered a bazaar
 24539 | Bazaar   | Found Alakocune's Armour Shoppe.
 24548 | Bazaar   | Found Rosod's Weapon Boutique.
 24548 | Bazaar   | Found Ceirulie's Jewellery Boutique.
 24565 | Bazaar   | Found Agyps's General Store.
 24573 | Bazaar   | Bought a scroll of enchant weapon for 67 gold pieces
 24573 | Bazaar   | Bought 2 potions of invisibility for 144 gold pieces
 24573 | Bazaar   | Bought a scroll of blinking for 67 gold pieces
 24645 | Bazaar   | Bought the +0 ring mail "Jyedoic" {rElec rC+ Regen+ Slay+2}
                  | for 233 gold pieces
 24732 | D:13     | Reached skill level 5 in Dodging
 24863 | D:13     | Acquired the +8 Vampire's Tooth {vamp}
 24863 | D:13     | Found the +8 Vampire's Tooth {vamp}
 24894 | D:13     | Noticed Diptarph's ghost (journeyman VSBe)
 24895 | D:13     | Found a transporter.
 24908 | D:13     | Found a frozen archway.
 24917 | IceCv    | Entered an ice cave
 25170 | IceCv    | Noticed a frost giant
 25201 | IceCv    | Killed a frost giant
 25202 | IceCv    | Reached XP level 16. HP: 39/130 MP: 0/0
 25220 | IceCv    | Reached skill level 5 in Short Blades
 25639 | D:13     | Found a transporter.
 25640 | D:13     | Identified the +1 great mace of Demonic Subterfuge {vorpal,
                  | Will+ Str+3}
 25673 | D:13     | Found a gate to the Vaults.
 25991 | D:14     | Found Vehaomac's Book Boutique.
 26046 | D:14     | Found a gate leading to a gauntlet.
 26062 | Gauntlet | Entered a Gauntlet
 26062 | Gauntlet | Found a transporter.
 26065 | Gauntlet | Found a transporter.
 26067 | Gauntlet | Found a transporter.
 26082 | Gauntlet | Found a transporter.
 26084 | Gauntlet | Found a transporter.
 26093 | Gauntlet | Found a transporter.
 26109 | Gauntlet | Found a transporter.
 26113 | Gauntlet | Found a transporter.
 26125 | Gauntlet | Found a transporter.
 26129 | Gauntlet | Found a transporter.
 26139 | Gauntlet | Found a transporter.
 26139 | Gauntlet | Found a transporter.
 26160 | Gauntlet | Found a transporter.
 26161 | Gauntlet | Found the ring of the Tortoise {AC+8}
 26164 | Gauntlet | Found a transporter.
 26487 | Gauntlet | Identified the +6 broad axe of Beyond {spect, Will+}
 26635 | D:11     | Upgraded the game from 0.28.0-49-g6dfe1f597d to
                  | 0.28.0-53-g5a82cb258f
 26903 | D:14     | HP: 6/130 [something (29)]
 26905 | D:14     | Mangled by a vampire knight

Illustrated notes

Levels and vault maps discovered:
D:1:      saegor_arrival_simple_e, layout_basic
D:2:      layout_basic, basic_altar
D:3:      layout_basic, hellmonk_ecumenical_altar_leap_of_faith,
          serial_corexii_hall, corexii_hall_statues_l, corexii_hall_statues_s
D:4:      corexii_shack_village, layout_rooms, kennysheep_generic_room_5,
          uniq_blork_the_orc
D:5:      layout_layer_cave, minmay_temple_entry_gardened_gates, uniq_ijyb,
          uniq_duvessa, uniq_eustachio
D:6:      layout_rooms, grunt_decor_fettered, hangedman_feature_mirror,
          chequers_hall_statues_y, kennysheep_generic_room_9, uniq_menkaure
D:7:      layout_basic, corexii_item_surrounded_by_moat, uniq_joseph
D:8:      layout_basic, serial_curves, eino_curves_04, eino_curves_02
D:9:      layout_grid_maze, david_orc_3
D:10:     layout_rooms, nicolae_overflow_squiral, uniq_erolcha
D:11:     layout_loops_ring, david_lair_generic
D:12:     layout_gridville, special_room [special_room_bee],
          amcnicky_mini_corridor_feature, trog_ov_bears_minmay
D:13:     layout_basic, lightli_vaults_fourway_checkpoint,
          portal_ice_cave_entry_pillars_1, gammafunk_ghost_smash, serial_shops,
          bzr_in_the_mist, minivault_10
D:14:     kennysheep_water_balloons, layout_long_grid, serial_shops,
          nicolae_take_the_stairs, gauntlet_entry_generic, nicolae_two_hexagons,
          hex_tiny
Lair:1:   layout_gridlike, serial_bayou, serial_bayou_lagoon_b,
          serial_bayou_shore_b, serial_bayou_pond_c, serial_bayou_shore_a
Lair:2:   layout_gridlike
Lair:3:   layout_layer_cave, minmay_snake_entry_guardpost_small,
          lemuel_fruit_fields, serial_bayou_shore_b, grunt_megastairs_1
Lair:4:   gammafunk_boulding_lane, layout_big_grid, minmay_shoals_entry_hut
Lair:5:   layout_regular_city, nicolae_slime_entry_slimehenge
Lair:6:   evilmike_catoblepas_cave, layout_small_grid, serial_bayou_pond_b,
          grunt_megastairs_4
Orc:1:    layout_caves, hellmonk_bongcloud_opening
Orc:2:    st_orc_elflike, layout_caves, nicolae_volcano_entry_lava_flow,
          serial_shops, shop_fountains

Skill      XL: |  1  2  3  4  5  6  7  8  9 10 11 12 13 14 15 16 |
---------------+-------------------------------------------------+-----
Short Blades   | 2 3 4 7 |  7.6
Dodging        | 1 2 3 4 5 6 |  6.9
Spellcasting   | 1 2 3 4 5 6 8 9 11 | 11.5
Armour         | 4 5 6 7 8 |  8.0
Fighting       | 4 5 6 7 9 12 15 17 | 17.5
Maces & Flails | 1 4 6 8 10 11 12 | 12.0
Shields        | 4 |  4.3

Action                   |  1- 3 |  4- 6 |  7- 9 | 10-12 | 13-15 | 16-18 || total
-------------------------+-------+-------+-------+-------+-------+-------++-------
Melee: Rapier            |    59 |   195 |    75 |       |       |       ||   329
       Whip              |       |       |   275 |   885 |  2354 |    17 ||  3531
       Quick blade       |       |       |       |       |   188 |   557 ||   745
 Cast: Frozen Ramparts   |       |       |       |       |     1 |     1 ||     2
       Fulminant Prism   |       |       |       |       |       |    12 ||    12
       Iskenderun's Myst |       |       |       |       |       |     3 ||     3
       Alistair's Intoxi |       |       |       |       |       |     2 ||     2
Invok: Lunge             |       |    18 |    41 |    80 |   108 |    18 ||   265
       Whirlwind         |       |       |    13 |    83 |   207 |    65 ||   368
       Heavenly Storm    |       |       |       |       |     1 |     1 ||     2
 Abil: Wall Jump         |       |       |       |    14 |    99 |    24 ||   137
  Use: Scroll            |       |     3 |       |    15 |     9 |     1 ||    28
       Potion            |       |       |       |       |     1 |     1 ||     2
 Stab: Petrified         |       |       |       |       |    19 |       ||    19
       Petrifying        |       |       |       |       |     2 |       ||     2
Armor: Scale mail        |    21 |    85 |    46 |       |       |       ||   152
       Plate armour      |       |       |    66 |   237 |   284 |       ||   587
       Ring mail         |       |       |       |       |    35 |    61 ||    96
Dodge: Dodged            |    16 |    93 |    77 |    96 |   343 |   189 ||   814
Block: Buckler           |    15 |    58 |    55 |   102 |   221 |    56 ||   507
